 Dungeon Crawl Stone Soup version 0.13.0-25-g43d4df3 (webtiles) character file.

87 Impy the Chucker (level 3, -9/27 HPs)
             Began as a Demonspawn Hunter on Oct 27, 2013.
             Mangled by Sigmund
             ... wielding a +0,+0 scythe
              (12 damage)
             ... on Level 2 of the Dungeon.
             The game lasted 00:04:35 (1829 turns).

Impy the Chucker (Demonspawn Hunter)                Turns: 1829, Time: 00:04:35

HP  -9/27        AC  9     Str 12      XL: 3   Next: 12%
MP   0/2         EV 11     Int 13      God:
Gold 54          SH  0     Dex 13      Spells:  0 memorised,  2 levels left

Res.Fire  : . . .   See Invis. : .   a - +0 short sword
Res.Cold  : . . .   Warding    : .   n - +3 leather armour
Life Prot.: . . .   Conserve   : .   (no shield)
Res.Poison: .       Res.Corr.  : .   (no helmet)
Res.Elec. : .       Clarity    : .   (no cloak)
Sust.Abil.: . .     Spirit.Shd : +   (no gloves)
Res.Mut.  : .       Stasis     : .   p - +0 pair of dwarf boots
Res.Rott. : .       Flight     : .   (no amulet)
Saprovore : . . .                    (no ring)
                                     (no ring)

@: very slightly contaminated, hasted, very quick, not resistant to hostile
enchantments, unstealthy
A: magic shield, AC +2
a: no special abilities


You were on level 2 of the Dungeon.
You were hungry.

You visited 1 branch of the dungeon, and saw 2 of its levels.

You collected 34 gold pieces.

Inventory:

Hand weapons
 a - a +0,+0 short sword (weapon)
Armour
 d - a +0 leather armour
 n - a +3 leather armour (worn)
 p - a +0 pair of dwarven boots (worn)
Comestibles
 f - 2 bread rations
Scrolls
 e - a scroll of blinking {unknown}
 g - 3 scrolls of identify {unknown}
 h - a scroll of curse weapon {unknown}
 i - a scroll of enchant armour {unknown}
 j - 2 scrolls of teleportation {unknown}
 l - a scroll of random uselessness {unknown}
 o - 2 scrolls of noise {unknown}
 q - 3 scrolls of fog {unknown}


   Skills:
 - Level 2.0 Fighting
 - Level 0.8 Short Blades
 + Level 4.2 Throwing
 + Level 2.4 Dodging
 - Level 0.8 Stealth


You had 2 spell levels left.
You didn't know any spells.

Dungeon Overview and Level Annotations

Branches:
Dungeon (2/27)

Altars:
the Shining One

Annotations:
D:2 Sigmund


Innate Abilities, Weirdness & Mutations

You are partially covered in slimy green scales (AC +2).
When hurt, damage is shared between your health and your magic reserves.


Message History

It hits you.
Throwing (i - inventory. (,) - cycle):
b - a javelin (quivered)
Press: ? - help, Shift-Dir - straight line You throw a javelin.
Throwing (i - inventory):
c - 2 throwing nets (quivered)
Press: ? - help, Shift-Dir - straight line You throw a throwing net.
Throwing (i - inventory):
c - a throwing net (quivered)
Press: ? - help, Shift-Dir - straight line You throw a throwing net.
It hits you.
* * * LOW HITPOINT WARNING * * *
Firing (i - inventory): No suitable missiles.
Press: ? - help, Shift-Dir - straight line, f - you
Okay, then.
You hit it. It hits you.
* * * LOW HITPOINT WARNING * * *
You barely miss it. You barely miss it. You miss it. It hits you!
You die...

....######.##.# #.#
.#..##.# #.##.# #.#
.#..# #.##.##.####.#
..... #.........#.#
....## ##...#.##.#.#
#.#..###.#....##.#.#
.##.#.#.#..........#
).............##.###
########.###.###@#
#.#.....#{##
#.#.....#..#####
#.....)..(...((#
###.....##.###.#
#.....##.# #.#
###.####.# #.# ###
#..# #.# #.# . ..
###.#####.###.#


There were no monsters in sight!

Vanquished Creatures
  An ooze (D:2)
  A ball python (D:1)
  2 bats (D:1)
  3 goblins
  5 hobgoblins (D:1)
  5 jackals (D:1)
  A giant cockroach (D:1)
  A giant gecko (D:1)
  3 giant newts
  3 kobolds (D:1)
  5 rats
30 creatures vanquished.

Notes
Turn   | Place    | Note
--------------------------------------------------------------
     0 | D:1      | Impy, the Demonspawn Hunter, began the quest for the Orb.
     0 | D:1      | Reached XP level 1. HP: 16/16 MP: 0/0
   340 | D:1      | Gained mutation: When hurt, damage is shared between your health and your magic reserves. [demonic ancestry]
   340 | D:1      | Reached XP level 2. HP: 22/22 MP: 1/1
   540 | D:1      | Reached skill level 4 in Throwing
  1579 | D:1      | Found a glowing golden altar of the Shining One.
  1720 | D:2      | Gained mutation: You are partially covered in slimy green scales (AC +2). [demonic ancestry]
  1720 | D:2      | Reached XP level 3. HP: 23/27 MP: 0/2
  1777 | D:2      | Noticed Sigmund
  1829 | D:2      | Mangled by Sigmund

Action                   || total
-------------------------++-------
Melee: Short sword       ||   126
Throw: Javelin           ||    15
       Throwing net      ||     2
  Use: Potion            ||     2
